Map: Pillars of Gold LE

Players

Astrea - Winner!

  • Race: Protoss Protoss
  • League: Master
  • Spawn Location: 7:00

Future

  • Race: Terran Terran
  • Spawn Location: 1:00

Event: DreamHack SC2 Masters 2020 Fall

VOD

Have the link to the VOD?

Description

Time

  • Played on: Sept. 1, 2020, 7:06 p.m.
  • Length: 18:37

All games in this series

Show
View Real Time Build Order
Export as new Build Order

Astrea Protoss - Winner!

Build Orders: 1 Gate Expand, Blink Stalkers, Zealot Archon 

Get SALT Encoding   

  12  0:00  Probe  
  13  0:12  Pylon  
  13  0:18  Probe  
  14  0:30  Gateway  
  14  0:35  Probe (Chrono Boost)  
  15  0:44  Probe (Chrono Boost)  
  15  0:45  Assimilator  
  15  0:49  Probe (Chrono Boost)  
  17  1:01  Probe  
  18  1:13  Probe  
  19  1:19  Cybernetics Core  
  19  1:25  Probe  
  20  1:40  Nexus  
  20  1:46  Pylon  
  20  1:48  Probe  
  20  1:53  Adept (Chrono Boost)  
  23  2:02  Warp Gate  
  23  2:04  Probe  
  23  2:07  Assimilator  
  24  2:16  Probe, Stalker (Chrono Boost)  
  27  2:28  Probe  
  28  2:40  Probe  
  28  2:41  Stalker  
  29  2:52  Probe (Chrono Boost)  
  29  2:55  Twilight Council  
  31  2:58  Probe (Chrono Boost)  
  31  3:02  Probe (Chrono Boost)  
  33  3:06  Probe (Chrono Boost)  
  33  3:07  Probe (Chrono Boost)  
  34  3:17  Probe, Robotics Facility  
  34  3:18  Probe  
  36  3:29  Probe  
  36  3:31  Probe  
  36  3:33  Blink (Chrono Boost)  
  38  3:37  Gateway  
  38  3:41  Gateway  
  38  3:42  Probe  
  38  3:43  Probe  
  38  3:48  Pylon  
  40  3:52  Stalker  
  40  3:54  Probe  
  44  3:55  Probe  
  44  4:05  Observer (Chrono Boost)  
  44  4:08  Pylon  
  44  4:09  Assimilator  
  45  4:14  Probe  
  45  4:15  Stalker  
  48  4:20  Probe  
  48  4:24  Warp Prism  
  49  4:27  Probe  
  49  4:28  Pylon  
  52  4:31  Assimilator  
  52  4:34  Stalker  
  52  4:37  Probe  
  55  4:45  Probe  
  56  4:50  Stalker  
  56  4:51  Probe  
  59  4:54  Pylon  
  59  4:57  Probe  
  60  5:00  Observer  
  60  5:04  Probe  
  60  5:05  Templar Archives  
  62  5:11  Nexus  
  62  5:15  Pylon  
  62  5:16  Charge (Chrono Boost)  
  62  5:24  Psionic Storm  
  62  5:26  Probe  
  62  5:27  Probe  
  64  5:31  Gateway  
  64  5:33  Gateway  
  64  5:39  Probe  
  65  5:43  Probe  
  65  5:47  Observer  
  66  5:51  Probe  
  66  5:53  Gateway  
  66  5:54  Gateway  
  66  5:55  Probe  
  68  6:03  Probe  
  69  6:05  Gateway  
  69  6:06  High Templar x2  
  73  6:14  Probe  
  73  6:17  Shield Battery, High Templar  
  76  6:19  Probe, Pylon  
  77  6:27  High Templar  
  77  6:28  Zealot  
  77  6:30  Probe x2  
  77  6:31  Probe  
  84  6:39  Zealot x2  
  88  6:42  Pylon, Forge  
  86  6:48  Pylon  
  86  6:52  Zealot x2  
  86  6:53  Zealot x2  
  94  6:58  Warp Prism  
  94  7:00  High Templar  
  94  7:01  Zealot, High Templar  
  96  7:05  Archon, Zealot  
  92  7:14  Archon  
  86  7:16  Zealot x4  
  86  7:21  Stalker  
  90  7:24  Observer  
  90  7:25  Observer  
  90  7:26  Protoss Ground Weapons Level 1 (Chrono Boost)  
  90  7:29  High Templar  
  86  7:38  Zealot x5, High Templar  
  98  7:44  Probe x3  
  101  7:52  Zealot  
  101  7:56  Immortal (Chrono Boost)  
  101  7:57  Probe x2 (Chrono Boost), Assimilator x2  
  101  7:58  Probe (Chrono Boost)  
  106  8:03  Forge  
  110  8:07  Pylon  
  110  8:09  Probe (Chrono Boost), Pylon  
  110  8:11  Zealot x2  
  110  8:12  Zealot  
  115  8:14  Probe (Chrono Boost)  
  115  8:15  Probe (Chrono Boost)  
  115  8:17  Zealot x2, Archon  
  107  8:21  Probe x2 (Chrono Boost)  
  107  8:22  Zealot x2  
  97  8:29  Stalker  
  83  8:35  Stalker  
  83  8:36  Stalker  
  83  8:38  Zealot  
  77  8:44  Zealot x2  
  77  8:48  Probe x2 (Chrono Boost)  
  80  8:50  Probe (Chrono Boost)  
  80  8:55  High Templar x3  
  81  8:59  Probe (Chrono Boost)  
  81  9:01  Probe x2 (Chrono Boost)  
  88  9:04  Probe (Chrono Boost)  
  88  9:09  Probe  
  90  9:11  Probe, High Templar  
  90  9:12  High Templar  
  95  9:18  Probe  
  95  9:21  Probe  
  95  9:23  Probe  
  98  9:26  Protoss Ground Armor Level 1 (Chrono Boost)  
  98  9:30  Probe, Stalker x2  
  103  9:33  Probe  
  103  9:37  Protoss Ground Weapons Level 2 (Chrono Boost)  
  104  9:38  Zealot x3  
  110  9:48  Stalker x2  
  112  10:03  Stalker x3  
  118  10:12  Pylon  
  108  10:26  Immortal  
  112  10:34  Zealot x5, High Templar x3  
  128  10:42  Photon Cannon  
  128  10:44  Shield Battery  
  128  10:50  Stalker x2  
  128  10:51  Stalker  
  132  11:04  Sentry x2  
  132  11:07  Stalker  
  132  11:08  Stalker  
  140  11:11  Pylon x2  
  140  11:14  Shield Battery  
  140  11:16  Shield Battery  
  140  11:18  Pylon  
  140  11:22  Observer  
  134  11:32  Zealot x7  
  148  11:34  Observer  
  148  11:35  Observer  
  148  11:48  Protoss Ground Armor Level 2 (Chrono Boost)  
  148  11:51  Nexus  
  148  11:53  Robotics Bay  
  148  11:54  Robotics Facility  
  148  11:55  Pylon  
  146  12:25  Stalker x8  
  160  12:47  Pylon  
  160  12:48  Pylon  
  160  12:50  Pylon  
  160  12:56  Disruptor (Chrono Boost)  
  160  12:57  Disruptor (Chrono Boost)  
  156  13:11  Stalker x6  
  158  13:13  Probe x2  
  158  13:14  Probe  
  137  13:26  Zealot x2  
  113  13:29  Probe x2  
  114  13:38  Disruptor (Chrono Boost)  
  114  13:39  Disruptor (Chrono Boost)  
  109  13:42  High Templar x4  
  115  14:07  Disruptor (Chrono Boost)  
  121  14:14  Disruptor (Chrono Boost)  
  115  14:17  Zealot x7  
  115  14:18  Zealot  
  117  14:35  Probe x4  
  117  14:37  Photon Cannon  
  117  14:38  Disruptor (Chrono Boost)  
  121  14:39  Shield Battery  
  121  14:41  High Templar x2  
  121  14:42  High Templar x2  
  121  14:43  Zealot x4  
  140  14:47  Probe x3  
  140  14:48  Protoss Ground Armor Level 3 (Chrono Boost)  
  140  14:49  Assimilator  
  143  14:53  Assimilator  
  143  15:01  Photon Cannon  
  143  15:03  Pylon  
  143  15:09  Archon x2  
  143  15:10  Protoss Ground Weapons Level 3 (Chrono Boost)  
  143  15:16  Warp Prism (Chrono Boost)  
  145  15:26  Stalker  
  145  15:27  Stalker x2  
  145  15:28  Zealot x2  
  155  15:30  Observer  
  155  15:31  Nexus  
  155  15:35  Gravitic Boosters  
  155  15:39  Dark Shrine  
  155  15:40  Pylon  
  155  15:43  Pylon  
  155  15:48  Pylon  
  155  15:54  Pylon, High Templar x2  
  155  15:55  Zealot x3  
  165  15:59  Archon, High Templar x2  
  165  16:00  Zealot  
  171  16:05  Shield Battery, Archon  
  171  16:07  Shield Battery  
  171  16:13  Probe  
  171  16:14  Probe x3  
Show
View Real Time Build Order
Export as new Build Order

Future Terran 

Build Orders: Reaper Expand 

Get SALT Encoding   

  12  0:00  SCV  
  13  0:12  SCV  
  14  0:17  Supply Depot  
  14  0:24  SCV  
  15  0:39  SCV  
  15  0:40  Barracks  
  16  0:45  Refinery  
  16  0:51  SCV  
  17  1:03  SCV  
  18  1:15  SCV  
  19  1:28  Reaper, Orbital Command  
  20  1:51  Command Center  
  20  1:54  SCV  
  20  1:59  Marine  
  22  2:04  Supply Depot  
  22  2:06  SCV  
  23  2:16  Factory  
  23  2:25  SCV, Marine  
  23  2:26  Bunker  
  25  2:35  Refinery  
  25  2:37  SCV  
  26  2:45  Barracks Reactor  
  26  2:49  SCV  
  26  3:01  Hellion, Starport  
  26  3:03  SCV  
  29  3:06  Orbital Command  
  29  3:15  SCV  
  30  3:21  Marine x2  
  30  3:23  Factory Tech Lab  
  32  3:27  SCV  
  32  3:30  Barracks  
  33  3:35  SCV  
  33  3:39  SCV, Marine  
  33  3:40  Marine  
  37  3:46  Raven  
  37  3:48  SCV  
  40  3:51  SCV  
  40  3:53  Barracks  
  40  3:55  Factory Tech Lab  
  41  3:58  Supply Depot  
  41  4:00  SCV  
  42  4:03  SCV  
  42  4:04  Marine  
  42  4:05  Marine  
  45  4:12  SCV  
  46  4:19  SCV  
  46  4:22  Supply Depot  
  47  4:25  Stimpack, Marauder, Marine x2  
  47  4:27  SCV  
  52  4:32  SCV  
  51  4:39  SCV  
  51  4:43  Starport Reactor  
  51  4:44  SCV  
  52  4:46  Supply Depot, Engineering Bay, Marauder, Marine x2  
  52  4:49  Marauder  
  52  4:51  Combat Shield  
  58  4:53  SCV  
  58  4:56  SCV  
  58  4:57  Factory Reactor  
  60  5:00  Supply Depot  
  60  5:04  Marine x2  
  62  5:08  SCV x2, Marauder  
  62  5:12  Marauder  
  68  5:15  Supply Depot  
  68  5:17  Refinery  
  69  5:21  SCV  
  69  5:22  Reaper  
  69  5:23  SCV  
  69  5:24  Refinery, Marine  
  69  5:27  Supply Depot  
  72  5:29  Marine  
  72  5:33  Terran Infantry Weapons Level 1, Marine  
  74  5:37  SCV  
  74  5:38  SCV  
  73  5:46  Marine  
  73  5:47  Supply Depot, Marine  
  73  5:49  SCV  
  76  5:50  SCV  
  76  5:51  Marine  
  76  5:53  Medivac  
  76  5:54  Marine  
  81  5:57  Medivac  
  81  6:01  SCV, Supply Depot  
  81  6:02  SCV  
  84  6:05  Widow Mine x2  
  84  6:06  Marine  
  84  6:09  Marauder  
  84  6:10  Concussive Shells  
  91  6:13  Marauder  
  92  6:18  Supply Depot  
  92  6:25  Medivac  
  94  6:27  Marine x2  
  94  6:30  Marine  
  97  6:33  Medivac  
  97  6:35  Marauder  
  101  6:40  Supply Depot  
  101  6:46  Marine x2  
  103  6:48  Marauder  
  103  6:53  Command Center  
  104  6:56  Marauder  
  100  7:03  SCV x2  
  95  7:09  Marauder  
  93  7:17  Marine x2  
  93  7:18  Marauder  
  93  7:20  Widow Mine x2  
  94  7:23  SCV  
  94  7:24  SCV  
  94  7:31  Marauder  
  94  7:32  Terran Infantry Armor Level 1  
  94  7:35  SCV  
  94  7:36  SCV  
  100  7:39  Marine  
  100  7:40  Marauder, Marine  
  102  7:47  SCV  
  102  7:48  SCV  
  102  7:49  Medivac x2  
  106  7:56  Marauder  
  108  7:59  SCV  
  108  8:00  SCV, Marine x2  
  108  8:01  Marauder  
  114  8:08  Orbital Command  
  112  8:17  Marauder  
  112  8:18  Marine  
  112  8:19  SCV, Marine  
  108  8:22  SCV, Marauder  
  108  8:24  Medivac  
  111  8:32  Widow Mine  
  110  8:36  SCV x2  
  110  8:39  Marauder  
  101  8:43  SCV  
  101  8:48  SCV x2  
  84  8:49  Marine x2  
  84  8:50  Marauder  
  82  8:58  SCV  
  82  9:00  Viking, SCV, Marauder, Liberator  
  91  9:03  SCV  
  91  9:08  Marine  
  93  9:10  SCV, Marine  
  93  9:12  SCV  
  93  9:15  SCV  
  97  9:22  SCV  
  95  9:24  SCV  
  95  9:27  SCV, Marauder x2, Marine  
  95  9:28  Marine  
  103  9:32  Barracks  
  103  9:33  Barracks  
  103  9:34  SCV  
  103  9:36  SCV, Ghost Academy  
  105  9:42  Widow Mine x2  
  105  9:45  Medivac  
  111  9:46  Medivac  
  111  9:48  Marine x2  
  111  9:50  Marauder x2  
  121  9:55  Supply Depot  
  121  9:56  Supply Depot  
  119  10:05  Widow Mine  
  119  10:06  Widow Mine, Marine x2  
  125  10:09  Enhanced Shockwaves  
  124  10:16  Marauder x2  
  126  10:27  Widow Mine x2  
  127  10:29  Marine x2, Barracks Tech Lab  
  127  10:30  Barracks Reactor  
  127  10:34  Medivac  
  127  10:35  Medivac  
  132  10:37  Marauder x2  
  132  10:38  SCV x3  
  132  10:40  Supply Depot  
  132  10:41  Supply Depot  
  132  10:42  Refinery x2  
  139  10:47  Marine x2  
  141  10:50  SCV x2  
  141  10:51  Widow Mine x2  
  141  10:52  Marauder  
  141  10:55  Missile Turret  
  141  10:56  Missile Turret  
  149  10:59  Marauder  
  149  11:02  Marauder  
  150  11:05  Viking x2  
  150  11:09  Supply Depot x2  
  154  11:16  Ghost  
  156  11:19  Ghost  
  156  11:23  Ghost, Marine  
  156  11:24  Marine x2  
  161  11:26  Widow Mine  
  161  11:27  Widow Mine  
  165  11:33  Supply Depot  
  165  11:35  Marine  
  166  11:41  Marine  
  166  11:44  Medivac x2  
  169  11:49  Marauder x2, Marine x2  
  169  11:52  Marauder, Marine  
  178  11:54  Command Center  
  178  12:01  Marine  
  179  12:02  Widow Mine x2  
  182  12:12  Marauder x2  
  182  12:13  Marauder  
  182  12:14  Marine  
  189  12:18  Marine x2  
  189  12:30  Armory  
  189  12:31  Engineering Bay  
  189  12:37  Marauder x2  
  189  12:41  Marine  
  189  12:50  Marine  
  188  12:55  Marine  
  188  12:56  Marauder  
  186  12:59  Marauder x2  
  186  13:02  Marine  
  178  13:07  Marine  
  178  13:08  Marine  
  178  13:12  SCV x2  
  166  13:13  SCV, Marine  
  166  13:17  Marauder  
  155  13:20  Marauder x2, Marine  
  155  13:24  SCV  
  131  13:27  Marine x2  
  131  13:29  Liberator x2  
  131  13:32  SCV  
  131  13:34  SCV  
  134  13:36  SCV  
  134  13:38  Marauder  
  134  13:41  Marauder  
  134  13:42  Marauder  
  134  13:44  SCV  
  139  13:48  Missile Turret  
  139  13:58  Marine x3  
  139  13:59  Ghost  
  139  14:02  Ghost  
  144  14:06  Sensor Tower  
  144  14:08  SCV x3  
  143  14:10  Marine x2  
  135  14:24  Marine  
  135  14:25  Marine  
  135  14:26  Medivac x2  
  135  14:27  SCV  
  135  14:28  SCV, Marauder x2  
  135  14:31  Planetary Fortress  
  139  14:38  Missile Turret  
  139  14:39  SCV x2  
  139  14:41  SCV  
  139  14:43  Marauder, Marine x2  
  146  14:46  Marine  
  146  14:47  Marine  
  146  14:51  SCV  
  149  14:56  SCV x2  
  149  14:59  Ghost  
  149  15:16  Marauder x2, Marine x3  
  149  15:17  Marine  
  157  15:22  Medivac x2  
  161  15:29  Marauder  
  161  15:34  Marine x3  
  166  15:35  Marine  
  166  15:37  Marauder, Marine  
  166  15:39  Terran Infantry Weapons Level 2  
  170  15:43  Terran Infantry Armor Level 2  
  170  15:50  Sensor Tower  
  170  15:56  Medivac x2  
  174  16:00  Marauder x2  
  178  16:05  Marauder, Marine x2  
  178  16:07  Marine x2  
  184  16:17  Supply Depot  
  182  16:22  Marauder x2  
  175  16:26  Marauder  

Tags
 
Add a new tag
Caveats
  • Supply blocks, unpowered buildings, or Contaminate may cause inaccurate times.
  • Supply counts are checked every 10 seconds.